Map: Pillars of Gold LE

Players

soul

  • Race: Terran Terran
  • League: Grandmaster
  • Spawn Location: 1:00

SKillous - Winner!

  • Race: Protoss Protoss
  • League: Grandmaster
  • Spawn Location: 7:00

Event: DreamHack SC2 Masters 2020 Fall

VOD

Have the link to the VOD?

Description

Time

  • Played on: Aug. 28, 2020, 1:04 p.m.
  • Length: 13:57

All games in this series

Show
View Real Time Build Order
Export as new Build Order

soul Terran 

Build Orders: Liberator Opening 

Get SALT Encoding   

  12  0:01  SCV  
  13  0:13  SCV  
  14  0:18  Supply Depot  
  14  0:25  SCV  
  15  0:39  SCV  
  15  0:42  Barracks  
  16  0:47  Refinery  
  16  0:51  SCV  
  17  1:03  SCV  
  18  1:15  SCV  
  19  1:29  Orbital Command, Marine  
  20  1:44  Command Center  
  20  1:47  Barracks Reactor  
  20  1:55  SCV  
  20  2:01  Supply Depot  
  21  2:07  SCV  
  22  2:11  Factory  
  22  2:14  Refinery  
  22  2:19  SCV  
  23  2:23  Marine  
  23  2:24  Marine  
  25  2:31  SCV  
  26  2:41  Marine  
  26  2:42  Marine  
  28  2:44  SCV  
  29  2:55  Starport, Widow Mine  
  26  2:58  Orbital Command  
  31  3:01  SCV  
  31  3:03  Marine  
  33  3:07  Marine  
  34  3:13  SCV  
  34  3:17  Hellion  
  37  3:21  Reaper  
  37  3:24  Marine  
  37  3:25  SCV  
  40  3:36  Medivac  
  40  3:37  SCV  
  40  3:39  Supply Depot  
  42  3:42  Hellion  
  42  3:44  SCV  
  42  3:48  Supply Depot  
  45  3:49  SCV  
  46  4:00  SCV, Marine x2  
  46  4:02  SCV, Supply Depot  
  50  4:05  Factory Tech Lab  
  50  4:11  Liberator  
  50  4:14  SCV  
  54  4:18  SCV, Marine  
  54  4:20  Marine  
  54  4:22  Supply Depot  
  57  4:25  Siege Tank  
  57  4:27  SCV  
  61  4:32  Supply Depot  
  61  4:33  SCV  
  62  4:39  SCV  
  62  4:42  Marine  
  62  4:45  SCV  
  65  4:48  Marine  
  65  4:52  SCV  
  66  4:57  Siege Tank  
  66  4:58  SCV  
  68  5:00  Marine  
  68  5:04  SCV, Bunker  
  67  5:10  SCV  
  67  5:12  Marine  
  69  5:16  SCV  
  69  5:20  Starport Tech Lab  
  69  5:22  SCV  
  69  5:23  Command Center  
  69  5:26  Marine  
  69  5:28  SCV  
  70  5:29  Siege Tank  
  70  5:34  SCV  
  73  5:40  SCV  
  73  5:41  Barracks  
  71  5:44  Marine  
  71  5:45  Barracks  
  71  5:46  SCV  
  73  5:52  SCV  
  73  5:55  Marine  
  72  5:58  SCV  
  74  6:04  SCV  
  74  6:05  Engineering Bay  
  74  6:06  Engineering Bay, Refinery  
  74  6:07  Refinery  
  74  6:10  SCV  
  76  6:14  Starport Reactor  
  76  6:16  SCV, Marine  
  76  6:22  SCV  
  74  6:28  SCV  
  74  6:32  Terran Infantry Weapons Level 1, Terran Infantry Armor Level 1, Barracks  
  68  6:33  Barracks  
  68  6:34  SCV  
  68  6:36  Orbital Command  
  69  6:42  Marine x2  
  69  6:43  Factory Reactor, Stimpack  
  69  6:44  SCV, Marauder  
  74  6:48  Combat Shield  
  74  6:49  Bunker, Marauder  
  74  6:53  SCV  
  77  6:56  Supply Depot, Medivac  
  77  6:57  Medivac  
  77  6:58  Supply Depot  
  77  7:00  Marine x2  
  83  7:04  SCV  
  83  7:05  SCV  
  83  7:07  Orbital Command  
  85  7:11  Marine  
  85  7:12  Marauder  
  88  7:16  SCV  
  88  7:17  SCV  
  88  7:20  Widow Mine x2  
  94  7:22  Barracks Reactor  
  94  7:23  Barracks Tech Lab  
  94  7:26  Medivac  
  94  7:27  Marine  
  94  7:28  SCV  
  94  7:29  SCV  
  101  7:30  Marauder  
  101  7:33  Refinery  
  101  7:35  SCV  
  102  7:38  Marine  
  102  7:39  Refinery, Marauder, Supply Depot  
  102  7:40  SCV, Supply Depot  
  102  7:41  SCV, Widow Mine x2  
  102  7:43  Missile Turret  
  111  7:47  SCV  
  112  7:52  SCV  
  112  7:53  SCV  
  112  7:55  Armory  
  112  7:56  Ghost Academy  
  114  7:59  Medivac  
  114  8:02  SCV  
  114  8:03  Supply Depot, Widow Mine x2  
  114  8:05  Supply Depot, Marauder  
  123  8:07  Marine  
  123  8:08  Marauder  
  123  8:10  Marine  
  123  8:11  Missile Turret  
  127  8:15  Medivac  
  127  8:18  Marauder  
  131  8:27  Marauder  
  133  8:31  Enhanced Shockwaves  
  133  8:37  Ghost  
  133  8:38  Marine  
  133  8:39  Ghost  
  133  8:40  Marine  
  139  8:42  Command Center  
  139  8:44  Marine  
  139  8:48  SCV x2, Marine  
  141  8:54  Terran Infantry Weapons Level 2  
  140  8:56  Marine x2  
  140  8:58  Supply Depot  
  140  9:00  Supply Depot  
  140  9:01  Supply Depot  
  140  9:02  Terran Infantry Armor Level 2  
  142  9:03  Widow Mine  
  142  9:08  Marauder, Marine  
  147  9:11  Marine  
  147  9:14  Medivac x2  
  149  9:17  Marine  
  149  9:18  Marine  
  149  9:20  Marauder x2, Widow Mine  
  153  9:24  Supply Depot x2  
  153  9:29  Marine  
  153  9:30  Marauder  
  156  9:33  SCV x3  
  156  9:34  Marine  
  156  9:37  Marine  
  159  9:41  Ghost  
  159  9:42  Marauder  
  159  9:44  Marine  
  159  9:45  SCV  
  165  9:49  Marine  
  165  9:51  Marauder  
  163  9:53  Marine  
  163  9:55  Widow Mine  
  163  9:59  Marine  
  153  10:02  Marine  
  153  10:03  Marauder  
  123  10:07  Marine  
  123  10:10  Marine x2  
  123  10:12  Marine  
  95  10:14  SCV  
  95  10:16  Widow Mine, Marine  
  95  10:19  Marine  
  94  10:22  Orbital Command  
  94  10:23  SCV  
  94  10:25  Marauder, Marine  
  94  10:27  SCV  
  100  10:28  Marauder, Marine  
  100  10:30  Marauder  
  100  10:34  Planetary Fortress, Marine  
  103  10:37  Marine  
  100  10:42  Marine  
  100  10:46  Marauder, Marine  
  100  10:49  Marauder  
  106  10:51  SCV x2, Marine  
  106  10:52  Marine  
  106  10:54  Orbital Command  
  106  10:55  Marine  
  112  11:01  Marine  
  112  11:03  SCV x2  
  115  11:07  Marauder, Fusion Core, Liberator  
  115  11:11  Liberator  
  122  11:18  Fusion Core  
  122  11:20  SCV x3  
  122  11:25  SCV  
  126  11:30  Widow Mine  
  126  11:31  Widow Mine  
  126  11:32  SCV x3  
  133  11:37  SCV, Refinery  
  133  11:38  Refinery  
  134  11:44  SCV x2  
  134  11:46  Marauder, Marine  
  137  11:47  Marine  
  137  11:50  SCV  
  137  11:54  Marauder, Marine  
  137  12:01  Marauder, Marine  
  139  12:04  Marine  
  139  12:07  Marine  
  139  12:08  Marauder  
  137  12:09  Liberator  
  137  12:12  Marine  
  138  12:16  Marauder  
  138  12:19  Marine  
  138  12:21  Marine  
  138  12:22  Advanced Ballistics  
  142  12:23  Marauder  
  142  12:25  SCV, Marine  
  142  12:27  SCV x2  
  142  12:29  Marauder  
  150  12:37  SCV, Marauder  
  155  12:44  Marauder  
  155  12:47  Liberator  
  158  12:51  Engineering Bay  
  158  12:53  Marauder, Marine x3  
  158  12:54  Marine  
  166  12:58  Marauder  
  166  13:01  SCV  
  166  13:05  Marine  
  167  13:11  Liberator  
  171  13:21  Missile Turret  
  171  13:22  Marine  
  171  13:23  Marine x4  
Show
View Real Time Build Order
Export as new Build Order

SKillous Protoss - Winner!

Build Orders: 1 Gate Expand 

Get SALT Encoding   

  12  0:00  Probe  
  13  0:12  Probe  
  14  0:19  Pylon  
  14  0:24  Probe  
  15  0:37  Probe (Chrono Boost)  
  15  0:38  Gateway  
  16  0:46  Probe (Chrono Boost)  
  16  0:48  Assimilator  
  17  0:51  Probe (Chrono Boost)  
  18  1:03  Probe  
  19  1:15  Probe  
  20  1:25  Cybernetics Core  
  20  1:36  Nexus  
  20  1:39  Probe  
  21  1:46  Pylon  
  21  1:51  Assimilator  
  21  1:53  Probe  
  22  2:01  Adept (Chrono Boost)  
  22  2:03  Warp Gate  
  22  2:06  Probe (Chrono Boost)  
  26  2:16  Probe (Chrono Boost)  
  26  2:21  Probe (Chrono Boost)  
  26  2:24  Stalker  
  29  2:33  Probe  
  29  2:35  Robotics Facility  
  30  2:48  Probe (Chrono Boost)  
  30  2:49  Probe (Chrono Boost)  
  32  2:56  Sentry  
  32  2:58  Probe (Chrono Boost), Gateway  
  35  2:59  Probe (Chrono Boost)  
  36  3:06  Probe  
  36  3:09  Probe  
  38  3:18  Probe  
  39  3:21  Probe  
  40  3:30  Probe, Observer (Chrono Boost)  
  40  3:32  Nexus  
  40  3:33  Probe  
  41  3:36  Pylon  
  41  3:42  Probe (Chrono Boost), Observer (Chrono Boost)  
  41  3:48  Twilight Council  
  43  3:52  Probe (Chrono Boost)  
  43  3:54  Probe (Chrono Boost)  
  45  3:56  Assimilator  
  46  4:04  Probe (Chrono Boost), Observer  
  46  4:05  Probe (Chrono Boost)  
  46  4:08  Pylon  
  48  4:13  Shield Battery  
  50  4:19  Stalker x2  
  50  4:24  Immortal (Chrono Boost)  
  52  4:27  Probe  
  58  4:36  Probe  
  58  4:38  Charge  
  58  4:40  Probe  
  58  4:43  Zealot x2  
  60  4:46  Probe  
  60  4:51  Probe (Chrono Boost)  
  63  4:54  Probe (Chrono Boost)  
  63  4:55  Pylon  
  58  5:03  Probe (Chrono Boost)  
  58  5:05  Probe (Chrono Boost)  
  60  5:09  Probe (Chrono Boost)  
  60  5:10  Probe (Chrono Boost)  
  60  5:11  Zealot  
  60  5:13  Probe (Chrono Boost)  
  64  5:16  Probe  
  64  5:17  Probe  
  64  5:22  Stalker  
  64  5:24  Probe (Chrono Boost)  
  67  5:30  Probe (Chrono Boost)  
  67  5:33  Probe (Chrono Boost)  
  67  5:35  Stalker  
  71  5:41  Probe (Chrono Boost)  
  71  5:42  Probe (Chrono Boost)  
  74  5:45  Probe (Chrono Boost)  
  74  5:46  Gateway  
  74  5:47  Probe (Chrono Boost)  
  74  5:48  Stalker  
  74  5:49  Probe (Chrono Boost)  
  76  5:54  Probe  
  76  5:56  Probe  
  74  5:58  Stalker  
  74  6:00  Probe  
  77  6:08  Pylon  
  77  6:10  Pylon  
  77  6:19  Forge  
  77  6:20  Forge  
  77  6:22  Observer  
  77  6:24  Probe  
  77  6:25  Probe  
  77  6:26  Probe  
  77  6:31  Assimilator  
  78  6:36  Gateway x2  
  78  6:37  Probe x2  
  78  6:38  Gateway  
  80  6:41  Gateway  
  80  6:42  Pylon  
  80  6:45  Observer (Chrono Boost)  
  80  6:46  Probe  
  82  6:49  Probe, Protoss Ground Weapons Level 1 (Chrono Boost)  
  82  6:51  Protoss Ground Armor Level 1 (Chrono Boost)  
  82  6:52  Blink  
  84  6:58  Probe  
  84  7:00  Observer (Chrono Boost)  
  85  7:03  Probe  
  85  7:05  Zealot x3  
  92  7:09  Pylon, Photon Cannon  
  92  7:11  Pylon  
  92  7:13  Gateway  
  92  7:15  Templar Archives  
  92  7:23  Nexus  
  92  7:27  Probe x2, Pylon  
  92  7:29  Probe  
  95  7:31  Pylon  
  95  7:38  Robotics Bay, Robotics Facility  
  95  7:45  Zealot x3  
  95  7:46  Zealot, Observer  
  95  7:49  Warp Prism (Chrono Boost), Observer  
  103  7:56  Assimilator  
  103  7:57  Probe x2  
  108  7:58  Probe  
  108  8:01  High Templar  
  108  8:02  Shield Battery, High Templar  
  112  8:07  Archon  
  112  8:11  Stalker x3  
  118  8:15  Photon Cannon  
  118  8:18  Zealot x2  
  122  8:20  Zealot  
  122  8:21  Observer  
  122  8:23  Pylon  
  124  8:31  Colossus (Chrono Boost)  
  124  8:33  Probe  
  125  8:38  Assimilator  
  125  8:39  Colossus (Chrono Boost)  
  131  8:45  Probe  
  138  8:51  Protoss Ground Weapons Level 2 (Chrono Boost)  
  138  8:53  Zealot x6  
  148  9:00  Pylon  
  148  9:07  Pylon  
  144  9:13  Zealot x4  
  144  9:14  Protoss Ground Armor Level 2 (Chrono Boost)  
  144  9:15  Probe x3  
  144  9:16  Probe  
  152  9:19  Assimilator  
  152  9:22  Pylon  
  152  9:28  Nexus  
  152  9:32  Pylon  
  152  9:34  Probe x2  
  152  9:35  Probe  
  155  9:40  Zealot x3  
  155  9:43  Zealot  
  163  9:46  High Templar x4  
  164  9:54  Archon x2  
  156  10:01  Zealot x3  
  156  10:02  Immortal (Chrono Boost)  
  156  10:04  Colossus (Chrono Boost)  
  146  10:08  Zealot  
  146  10:11  Probe x4  
  152  10:18  Zealot x4  
  156  10:21  Gateway  
  156  10:23  Gateway  
  152  10:34  Colossus (Chrono Boost)  
  148  10:41  High Templar x3  
  160  10:45  Pylon  
  160  10:47  Archon  
  160  10:49  Zealot x3, High Templar  
  162  10:50  Zealot  
  162  10:54  Archon  
  164  10:57  Dark Shrine  
  164  10:58  Protoss Ground Weapons Level 3 (Chrono Boost)  
  164  10:59  Observer  
  164  11:00  Pylon  
  162  11:05  Gateway  
  162  11:08  Gateway  
  162  11:12  Sentry, Zealot  
  162  11:13  Zealot x3  
  162  11:17  Warp Prism (Chrono Boost)  
  172  11:18  Extended Thermal Lance (Chrono Boost)  
  172  11:23  Zealot x5  
  184  11:26  Protoss Shields Level 1 (Chrono Boost), Photon Cannon  
  184  11:29  Photon Cannon  
  184  11:31  Photon Cannon  
  180  11:47  Zealot x5  
  180  11:48  Zealot  
  180  11:53  Zealot x4  
  192  11:59  Pylon  
  190  12:03  Observer  
  190  12:06  Shadow Stride (Chrono Boost)  
  170  12:17  Dark Templar x6  
  170  12:20  Assimilator  
  170  12:21  Assimilator  
  170  12:22  Assimilator  
  182  12:26  Dark Templar x2  
  182  12:27  Zealot x2  
  190  12:31  Robotics Facility  
  190  12:48  Observer  
  190  12:49  Nexus  
  190  12:51  Pylon  
  190  12:52  Dark Templar x3  
  190  12:53  Zealot x2  
  200  13:07  Photon Cannon  
  200  13:08  Pylon  
  200  13:11  Photon Cannon  
  200  13:14  Photon Cannon  
  180  13:39  Zealot x10  
  180  13:40  Archon x2  
  180  13:41  Zealot x2  
  168  13:44  Zealot x7  
  168  13:45  Stalker x3  

Tags
 
Add a new tag
Caveats
  • Supply blocks, unpowered buildings, or Contaminate may cause inaccurate times.
  • Supply counts are checked every 10 seconds.